Map: Central Protocol

Players

Grumm

  • Race: Terran Terran
  • League: Gold

Keoni - Winner!

  • Race: Terran Terran
  • League: Silver

VOD

Have the link to the VOD?

Description

Time

  • Played on: Feb. 6, 2016, 7:56 p.m.
  • Length: 13:27
Show
View Real Time Build Order
Export as new Build Order

Grumm Terran 

Build Orders: Liberator Opening 

Get SALT Encoding   

  12  0:01  SCV  
  13  0:14  SCV  
  14  0:22  Supply Depot  
  14  0:26  SCV  
  15  0:32  Refinery  
  15  0:44  SCV  
  15  0:47  Barracks  
  16  0:56  SCV  
  17  1:03  Barracks  
  17  1:08  SCV  
  18  1:16  Supply Depot  
  18  1:20  SCV  
  19  1:35  Reaper  
  19  1:37  SCV  
  19  1:38  Refinery  
  21  1:55  Factory  
  21  1:56  Marine  
  21  1:58  SCV  
  23  2:19  Reaper x2  
  23  2:20  SCV  
  26  2:29  Engineering Bay  
  26  2:33  SCV  
  27  2:45  SCV  
  27  3:01  Starport, Widow Mine  
  28  3:26  SCV  
  28  3:29  Command Center  
  28  3:38  SCV  
  28  3:39  Factory Reactor  
  29  3:44  Missile Turret  
  29  3:48  Hi-Sec Auto Tracking  
  29  3:53  Supply Depot  
  29  3:57  Liberator  
  29  4:01  Marine  
  30  4:07  Orbital Command  
  30  4:12  Supply Depot  
  30  4:16  Supply Depot  
  33  4:17  Widow Mine  
  35  4:33  Refinery  
  35  4:37  Refinery  
  29  5:02  Widow Mine x2  
  29  5:03  Medivac  
  35  5:12  Orbital Command  
  35  5:31  SCV  
  36  5:39  Marine x2  
  38  5:48  Widow Mine x2  
  42  5:50  Medivac  
  42  5:56  Marine  
  44  6:36  Liberator  
  45  6:54  Marine x2  
  45  6:57  Hellion x2  
  51  7:12  Marine x2  
  50  7:18  Hellion  
  50  7:19  Hellion  
  48  7:30  Marine  
  42  8:11  Viking  
  39  8:13  Hellion x2  
  39  8:14  Marine x2  
  45  8:32  Marine x2  
  47  8:35  Hellion  
  47  8:41  Viking  
  47  8:59  Barracks Tech Lab  
  47  9:00  Marine  
  48  9:04  Hellion x2  
  48  9:07  SCV  
  48  9:08  SCV  
  54  9:15  Barracks  
  54  9:17  Marine, Barracks  
  54  9:19  Supply Depot  
  54  9:20  SCV x2  
  57  9:25  Hellion  
  57  9:26  Hellion  
  61  9:32  SCV x2  
  61  9:35  Marine  
  64  9:47  Hellion  
  64  9:53  Marine  
  65  10:11  Marine  
  65  10:14  Marine x3  
  67  10:19  Medivac  
  71  10:22  Hellion x2  
  75  10:29  Marine  
  75  10:31  Marine  
  75  10:32  Marine  
  78  10:36  Marine  
  75  10:43  Hellion  
  75  10:46  Marine  
  75  10:49  Medivac, Marine  
  64  10:50  Marine  
  64  10:54  Marine  
  55  11:04  Marine  
  55  11:07  Marine  
  55  11:08  Marine  
  58  11:12  Marine  
  59  11:21  Liberator  
  59  11:22  Marine  
  59  11:25  Marine x2  
  61  11:29  Marine  
  59  11:41  Hellion x2  
  59  11:42  Marine  
  59  11:44  Marine  
  65  11:47  Marine  
  60  11:54  Supply Depot  
  60  12:00  Marine  
  59  12:02  Marine, Hellion x2  
  59  12:04  Liberator  
  64  12:20  Marine  
  53  12:24  Hellion  
  49  12:58  Widow Mine  
Show
View Real Time Build Order
Export as new Build Order

Keoni Terran - Winner!

Build Orders: MMM Bio 

Get SALT Encoding   

  12  0:01  SCV  
  13  0:13  SCV  
  14  0:22  Supply Depot  
  14  0:25  SCV  
  15  0:31  Refinery  
  15  0:44  SCV  
  15  0:47  Barracks  
  16  0:56  SCV  
  17  1:04  Barracks  
  17  1:08  SCV  
  18  1:17  Refinery  
  18  1:24  Supply Depot  
  18  1:35  Reaper  
  19  1:46  Orbital Command  
  19  1:53  Reaper  
  20  2:03  Factory  
  20  2:14  SCV  
  21  2:17  Marine  
  22  2:26  SCV  
  21  2:45  Marine x2  
  23  3:03  Marine x2  
  24  3:21  Widow Mine, Reaper x2  
  28  3:36  Command Center  
  28  3:46  SCV  
  29  3:51  Supply Depot  
  29  3:53  Reaper  
  29  3:54  Supply Depot  
  30  3:58  SCV  
  31  4:06  Factory Tech Lab  
  31  4:07  Barracks Tech Lab  
  31  4:13  SCV  
  32  4:25  SCV  
  31  5:07  Stimpack  
  31  5:08  Marauder, Siege Tank  
  36  5:16  Barracks Tech Lab  
  36  5:21  Bunker  
  35  5:29  Marauder  
  36  5:41  Starport, Siege Tank  
  39  5:50  Marine x2  
  39  5:54  Orbital Command  
  41  6:08  Marine x2  
  43  6:18  Engineering Bay  
  43  6:23  Viking  
  43  6:24  Combat Shields  
  41  6:49  SCV  
  37  6:56  Starport Reactor  
  37  7:02  Marine, SCV  
  39  7:14  SCV  
  38  7:26  SCV  
  39  7:38  Medivac, SCV  
  42  7:50  SCV  
  43  8:02  SCV  
  44  8:10  Marine x2  
  46  8:13  SCV  
  46  8:14  SCV  
  48  8:25  SCV  
  48  8:26  SCV  
  50  8:28  Concussive Shells, Marine x2  
  52  8:37  SCV  
  52  8:38  SCV  
  54  8:46  Marine x2  
  56  8:49  SCV  
  56  8:50  SCV  
  58  9:01  SCV  
  59  9:03  SCV  
  59  9:04  Marine x2  
  62  9:11  Barracks  
  62  9:14  Barracks  
  62  9:30  Marine x2  
  62  9:31  Supply Depot  
  62  9:32  Supply Depot  
  62  9:33  Supply Depot  
  62  9:34  Supply Depot  
  60  9:48  Marine x2  
  62  10:00  Barracks Reactor  
  62  10:06  Marine x2, SCV  
  62  10:07  SCV  
  66  10:18  SCV  
  66  10:19  SCV  
  68  10:24  Marine x2  
  70  10:30  Barracks Reactor  
  70  10:31  Supply Depot, SCV x2  
  70  10:33  Supply Depot  
  70  10:34  Supply Depot  
  70  10:35  Supply Depot  
  72  10:41  Marine x2  
  74  10:43  SCV x2  
  64  10:55  SCV  
  64  10:56  Supply Depot  
  57  10:59  Marine x2  
  57  11:01  Marine x2  
  55  11:17  Marine x2  
  56  11:19  Marine x2  
  56  11:21  Marine x2  
  56  11:35  Marine x2  
  56  11:37  Marine x2  
  56  11:39  Marine x2  
  61  11:43  Medivac x2  
  65  11:53  Marine x2  
  67  11:55  Marine x2  
  67  11:56  Marine  
  67  11:57  Marine  
  71  12:11  Marauder x2  
  71  12:12  Marine  
  71  12:13  Medivac, Marine  
  71  12:14  Marine x2  
  74  12:30  Marine x2  
  74  12:32  Marine x4  
  80  12:48  Marine x2  
  80  12:50  Marauder x2, Marine x2  
  86  13:06  Marine x2  
  86  13:08  Marine x2  
Tags
 
Add a new tag
Caveats
  • Supply blocks, unpowered buildings, or Contaminate may cause inaccurate times.
  • Supply counts are checked every 10 seconds.